 Dungeon Crawl Stone Soup version 0.28.0-53-g5a82cb258f (webtiles) character file.

Game seed: 9360193791716245125

0 Doot the Sneak (level 1, 0/13 HPs)
             Began as a Vampire Enchanter on May 20, 2022.
             Slain by Robin
             ... wielding a +0 mace
              (1 damage)
             ... on level 2 of the Dungeon.
             The game lasted 00:00:15 (76 turns).

Doot the Sneak (Vampire Enchanter)                    Turns: 76, Time: 00:00:16

Health: 0/13       AC:  2    Str:  7    XL:     1   Next: 8%
Magic:  3/3        EV: 12    Int: 17    God:
Gold:   6          SH:  0    Dex: 14    Spells: 4/4 levels left

rFire   . . .      SeeInvis +   a - +1 dagger
rCold   . . .      Faith    .   (no shield)
rNeg    . . .      Spirit   .   b - +0 robe
rPois   .          Reflect  .   (no helmet)
rElec   .          Harm     .   (no cloak)
rCorr   .          Rampage  .   (no gloves)
Will    .....                   (no boots)
Stlth   +++.......              (no amulet)
HPRegen 0.24/turn               (no ring)
MPRegen 0.08/turn               (no ring)

@: healing quickly
A: alive, fangs 3, see invisible, vampiric 1
a: Exsanguinate


You were on level 2 of the Dungeon.
You visited 1 branch of the dungeon, and saw 2 of its levels.

You collected 6 gold pieces.

Inventory:

Hand Weapons
 a - a +1 dagger (weapon)
Armour
 b - a +0 robe (worn)
Potions
 c - a potion of invisibility


   Skills:
 + Level 1.1 Short Blades
 + Level 2.1 Dodging
 + Level 4.5 Stealth
 + Level 2.0 Spellcasting
 + Level 4.4 Hexes


You had 4 spell levels left.
You didn't know any spells.
Your spell library contained the following spells:

 Spells                   Type           Power      Damage    Failure   Level
 Confusing Touch          Hex            16%        N/A       10%         3
 Tukima's Dance           Hex            16%        N/A       10%         3
 Ensorcelled Hibernation  Hex/Ice        18%        N/A       12%         2
 Dazzling Flash           Conj/Hex       18%        N/A       24%         3


Dungeon Overview and Level Annotations

Branches:
Dungeon (1/15)

Altars:

Annotations:
D:2 Robin


Innate Abilities, Weirdness & Mutations

Your natural rate of healing is accelerated.
You have razor-sharp teeth.
You have supernaturally acute eyesight. (SInv)
You are afflicted with vampirism.


Message History

You hit the kobold.
You kill the kobold!
You see here a +0 club.
You start resting.
HP restored.
You now have 6 gold pieces.
There is a shaft here.
You fall into a shaft and drop 1 floor!
The shaft crumbles and collapses.
The goblin shouts!
The hobgoblin shouts!
The endoplasm quivers.
The hobgoblin shouts!
The goblin shouts! x6; The hobgoblin shouts!
The goblin shouts!
Found a stone staircase leading up.
Unknown command.
The goblin unwields a +0 club.
The goblin wields a +0 hunting sling.
The goblin shoots a stone.
The stone barely misses you. The goblin closely misses you.
Unknown command.
You barely miss the goblin. Your bite misses the goblin.
The goblin hits you with a +0 club. The hobgoblin misses you.
You hit the goblin. Your bite misses the goblin.
The goblin is severely wounded.
The goblin hits you but does no damage.
Robin says, "Kneel, worm!"
Robin roars a battlecry!
The goblins go into a battle-frenzy!
The goblin closely misses you. The hobgoblin misses you.
The goblin hits you with a +0 club.
You closely miss the goblin.
The goblin is severely wounded.
The goblin barely misses you. Robin closely misses you. The goblin misses you.
Unknown command.
You hit the goblin.
You kill the goblin!
The hobgoblin hits you. The goblin hits you but does no damage.
The goblin hits you with a +0 club.
* * * LOW HITPOINT WARNING * * *
Robin hits you with a +0 mace.
You die...

. .. ##
...##.
.....#######
##.....g..##
#...gg#)...#
#...gg@g#
#..##g###
#..


gggJ # #####g .# # You could see Robin, 2 hobgoblins and 7 goblins.

Vanquished Creatures
  A goblin (D:2)
  A kobold (D:1)
2 creatures vanquished.

Notes
Turn   | Place    | Note
-------+----------+-------------------------------------------
     0 | D:1      | Doot the Vampire Enchanter began the quest for the Orb.
     0 | D:1      | Reached XP level 1. HP: 13/13 MP: 3/3
    71 | D:1      | You fall into a shaft and drop 1 floor!
    71 | D:2      | Noticed Robin
    76 | D:2      | Slain by Robin

Illustrated notes

Levels and vault maps discovered:
D:1:      roderic_dead_forest, layout_loops_ring,
          chequers_ecumenical_altar_simple
D:2:      layout_basic, kennysheep_generic_room_4, uniq_robin

Action                   || total
-------------------------++-------
Melee: Dagger            ||     8
Armor: Robe              ||     2
Dodge: Dodged            ||     9
